 Dungeon Crawl Stone Soup version 0.30.1-4-g462c640d31 (webtiles) character file.

Game seed: 7921519615967001204

779 Cheops the Caller (level 7, -2/50 HPs)
             Began as a Pale Draconian Summoner on Sept 11, 2023.
             Slain by a two-headed ogre
             ... wielding a +0 giant spiked club
              (7 damage)
             ... on level 6 of the Dungeon.
             The game lasted 00:28:07 (5636 turns).

Cheops the Caller (Pale Draconian Summoner)         Turns: 5636, Time: 00:28:07

Health: -2/50      AC:  9    Str: 19    XL:     7   Next: 54%
Magic:  20/22      EV: 12    Int: 15    God:
Gold:   233        SH:  0    Dex: 14    Spells: 1/14 levels left

rFire   . . .        b - +3 shortbow of the Ship {drain, *Slow rPois Str+8 Int-2}
rCold   . . .        (shield currently unavailable)
rNeg    . . .        (body armour unavailable)
rPois   +            (helmet restricted)
rElec   .            d - +0 cloak
rCorr   .            x - +1 pair of gloves "Listraarph" {Dex+3}
SInv    .            (no boots)
Will    .....        (no amulet)
Stlth   ++           m - ring of poison resistance
HPRegen 0.28/turn    h - ring of magical power
MPRegen 0.18/turn

%: slow self (1%)
@: no status effects
A: breathe steam, AC +6, unfitting armour, cold-blooded, steam resistance
a: Breathe Steam


You were on level 6 of the Dungeon.
You visited 2 branches of the dungeon, and saw 7 of its levels.

You collected 233 gold pieces.

Inventory:

Hand Weapons
 a - a +1 dagger of draining
 b - the +3 shortbow of the Ship (weapon) {drain, *Slow rPois Str+8 Int-2}
   (You found it on level 3 of the Dungeon)

   Str:       It affects your strength (+8).
   Int:       It affects your intelligence (-2).
   rPois:     It protects you from poison.
   *Slow:     It may slow you when you take damage.
 C - a +2 trident of venom
Armour
 d - a +0 cloak (worn)
 j - a +0 pair of gloves
 x - the +1 pair of gloves "Listraarph" (worn) {Dex+3}
   (You found it on level 6 of the Dungeon)

   Dex:       It affects your dexterity (+3).
Jewellery
 h - a ring of magical power (right hand)
 m - a ring of poison resistance (left hand)
 s - a ring of see invisible
 w - a ring of protection from fire
 y - a +6 ring of strength
Wands
 A - a wand of mindburst (13)
 D - a wand of charming (7)
Scrolls
 e - a scroll of enchant armour
 f - a scroll of noise {unknown}
 g - 6 scrolls of blinking {unknown}
 k - 3 scrolls of teleportation
 l - a scroll of vulnerability
 n - a scroll of torment
 o - 3 scrolls of amnesia {unknown}
 t - 2 scrolls of enchant weapon
 z - a scroll of immolation
Potions
 c - a potion of magic
 i - a potion of brilliance
 p - a potion of resistance
 q - a potion of lignification
 r - 2 potions of might
 u - a potion of curing {unknown}
 v - a potion of cancellation {unknown}
 B - a potion of heal wounds


   Skills:
 - Level 1.7 Dodging
 - Level 1.7 Stealth
 - Level 4.0 Spellcasting
 - Level 3.1 Hexes
 - Level 6.0 Summonings
 + Level 5.0 Air Magic


You had one spell level left.
You knew the following spells:

 Your Spells              Type           Power      Damage    Failure   Level
c - Call Canine Familiar  Summ           21%        N/A       4%          3
g - Summon Guardian Gole  Hex/Summ       16%        N/A       9%          3
i - Call Imp              Summ           42%        N/A       2%          2
l - Summon Lightning Spi  Summ/Air       19%        N/A       19%         4
m - Summon Small Mammal   Summ           84%        N/A       1%          1

Your spell library contained the following spells:

 Spells                   Type           Power      Damage    Failure   Level
 Tukima's Dance           Hex            12%        N/A       16%         3
 Portal Projectile        Hex/Tloc       14%        N/A       28%         3
 Volatile Blastmotes      Fire/Tloc      6%         2d10      47%         3
 Fulminant Prism          Conj/Hex       3%         3d5       67%         4
 Iskenderun's Mystic Bla  Conj/Tloc      3%         2d3       87%         4
 Blade Hands              Tmut           1%         N/A       99%         5
 Lee's Rapid Deconstruct  Erth           1%         3d4*      99%         5


Dungeon Overview and Level Annotations

Branches:
Dungeon (6/15)             Temple (1/1) D:5

Altars:
Cheibriados
Gozag
Hepliaklqana
Kikubaaqudgha
Makhleb
Nemelex Xobeh
Okawaru
Qazlal
Ru
Trog
Uskayaw
Wu Jian
Zin
The Shining One


Innate Abilities, Weirdness & Mutations

You can breathe blasts of scalding, opaque steam.
Your pale cyan-grey scales are hard. (AC +6)
You cannot fit into any form of body armour.
You are cold-blooded and may be slowed by cold attacks.
You are immune to the effects of steam.


Message History

The bolt of electricity hits you!
* * * LOW HITPOINT WARNING * * *
You are too injured to fight recklessly!
You are too injured to fight recklessly!
You are too injured to fight recklessly!
You start resting.
A two-headed ogre comes into view.
It is wielding two +0 giant spiked clubs.
Unknown command.
Casting: Call Imp (safe; 2% risk of failure)
Confirm with . or Enter, or press ? or * to list all spells.
The spell is quite dangerous to miscast (19% risk of failure)!
Continue anyway?
An electric hum fills the air.
The two-headed ogre shouts in stereo!
A bullfrog comes into view.
You are too injured to fight recklessly!
You are too injured to fight recklessly!
Fire: b) +3 shortbow of the Ship {drain, *Slow rPois Str+8 Int-2}
Press: ? - help, Q - select action, (/) - cycle Shift-Dir - straight line, f - two-headed ogre
Aim: a two-headed ogre, wielding two +0 giant spiked clubs (ally target, 76% to hit)
You shoot an arrow.
The arrow barely misses the two-headed ogre.
Fire: b) +3 shortbow of the Ship {drain, *Slow rPois Str+8 Int-2}
Press: ? - help, Q - select action, (/) - cycle Shift-Dir - straight line, f/p - two-headed ogre
Aim: a two-headed ogre, wielding two +0 giant spiked clubs (ally target, 76% to hit)
You shoot an arrow.
The arrow completely misses the two-headed ogre.
Your lightning spire shoots out a bolt of lightning at the two-headed ogre!
The bolt of electricity hits the two-headed ogre!
The two-headed ogre attacks as you move away!
The two-headed ogre hits you with a +0 giant spiked club!
* * * LOW HITPOINT WARNING * * *
The two-headed ogre hits you with a +0 giant spiked club!!
* * * LOW HITPOINT WARNING * * *
There is a stone staircase leading up, spattered with blood here.
Your lightning spire shoots out a bolt of lightning at the two-headed ogre!
The bolt of electricity hits the two-headed ogre!
The two-headed ogre attacks as you move away!
The two-headed ogre closely misses you.
The two-headed ogre hits you with a +0 giant spiked club!
You die...

#...#.....#
##......# #
#......# ##
##.O....##.## .
##<##....8F..##...
#.......###.......
#.................
##...##.#.........
##..O@##........~
#...###.......~.
#...# ~...~~..~.
#####~~..~..~..~
~~..~..~⌠.S
#~~...~.⌠~..


You could see a two-headed ogre.

Vanquished Creatures
  An ice beast (D:6)
  A scorpion (D:4)
  2 howler monkeys
  A hound (D:4)
  An orc priest (D:5)
  A sleepcap (D:5)
  An orc wizard (D:6)
  Robin (D:2)
  4 adders
  A white imp (D:5)
  An ufetubus (D:4)
  A worm (D:2)
  6 orcs
  3 ball pythons
  5 bats
  6 endoplasms
  5 giant cockroaches
  12 goblins
  7 hobgoblins
  6 jackals
  3 quokkas
  2 frilled lizards (D:1)
  A rat (D:1)
72 creatures vanquished.

Vanquished Creatures (collateral kills)
  2 phantoms
  2 jellies
  4 adders
  A white imp (D:5)
  An ufetubus (D:4)
  2 dart slugs (D:4)
  11 orcs
  2 ball pythons
  3 endoplasms
  3 hobgoblins
  A jackal (D:1)
  A quokka (D:5)
  A frilled lizard (D:2)
  3 goblins
  A kobold (D:2)
  A rat (D:3)
39 creatures vanquished.

Grand Total: 111 creatures vanquished

Notes
Turn   | Place    | Note
-------+----------+-------------------------------------------
     0 | D:1      | Cheops the Draconian Summoner began the quest for the Orb.
     0 | D:1      | Reached XP level 1. HP: 14/14 MP: 3/3
   312 | D:1      | Reached XP level 2. HP: 20/20 MP: 5/5
   468 | D:1      | Learned a level 2 spell: Call Imp
  1454 | D:2      | Reached XP level 3. HP: 23/26 MP: 8/8
  1458 | D:2      | Learned a level 3 spell: Call Canine Familiar
  1462 | D:2      | Learned a level 3 spell: Summon Guardian Golem
  1991 | D:2      | Reached XP level 4. HP: 33/33 MP: 10/10
  2341 | D:2      | Noticed Robin
  2384 | D:2      | Killed Robin
  2933 | D:3      | Identified the +3 shortbow of the Ship {drain, *Slow rPois
                  | Str+8 Int-2}
  2967 | D:3      | Reached skill level 5 in Summonings
  2967 | D:3      | Reached XP level 5. HP: 36/38 MP: 11/11
  3381 | D:3      | Found a glowing golden altar of the Shining One.
  4070 | D:4      | Reached skill level 6 in Summonings
  4070 | D:4      | Reached skill level 1 in Hexes
  4070 | D:4      | Reached XP level 6. HP: 45/45 MP: 12/12
  4075 | D:4      | Learned a level 4 spell: Summon Lightning Spire
  4480 | D:5      | Entered Level 5 of the Dungeon
  4692 | D:5      | Found a staircase to the Ecumenical Temple.
  4803 | D:5      | Reached skill level 1 in Air Magic
  4901 | D:5      | Your scales start taking on a pale cyan-grey colour.
  4901 | D:5      | Reached XP level 7. HP: 44/50 MP: 13/13
  4901 | D:5      | Gained mutation: You are immune to the effects of steam.
                  | [Pale Draconian growth]
  5031 | D:5      | Found an ornate altar of the Wu Jian Council.
  5165 | D:5      | Found a snail-covered altar of Cheibriados.
  5255 | Temple   | Entered the Ecumenical Temple
  5448 | D:6      | Identified the +1 pair of gloves "Listraarph" {Dex+3}
  5495 | D:6      | Reached skill level 5 in Air Magic
  5620 | D:6      | Noticed a two-headed ogre
  5636 | D:6      | Slain by a two-headed ogre

Illustrated notes

Levels and vault maps discovered:
D:1:      dpeg_chamrin_arrival_tetris, layout_basic
D:2:      layout_basic, uniq_robin
D:3:      layout_basic, mainiacjoe_overflow_alcove_1, grunt_decor_arrowhead,
          minmay_bisected
D:4:      layout_cave_pods
D:5:      layout_cave_pools, chei_slow_surprise,
          pdpol_wu_jian_five_deadly_venoms, minmay_temple_entry_large_hall,
          hangedman_abyss_or_decor_lesser_grid
D:6:      cheibrodos_helix_gallery, layout_cave_pools,
          hellmonk_bongcloud_opening, minmay_misc_feat_five,
          hangedman_decor_riveting, minmay_misc_feat_rugged
Temple:   chequers_temple_sunken

Skill      XL: |  1  2  3  4  5  6  7 |
---------------+----------------------+-----
Spellcasting   | 3 4 |  4.0
Summonings     | 5 6 |  6.0
Hexes          | 1 3 |  3.1
Air Magic      | 2 5 |  5.0
Dodging        | |  1.7
Stealth        | |  1.7

Action                     |  1- 3 |  4- 6 |  7- 9 || total
---------------------------+-------+-------+-------++-------
  Melee: Unarmed           |    10 |       |       ||    10
         Dagger            |    55 |    74 |       ||   129
         Tailslap          |     2 |    10 |       ||    12
   Fire: Shortbow          |       |    69 |    18 ||    87
   Cast: Summon Small Mamm |    23 |       |       ||    23
         Call Imp          |     8 |     7 |     2 ||    17
         Call Canine Famil |     3 |    20 |     3 ||    26
         Summon Lightning  |       |       |     1 ||     1
  Evoke: Wand              |       |     4 |       ||     4
    Use: Scroll            |       |     7 |     3 ||    10
   Stab: Sleeping          |     5 |     2 |       ||     7
 Armour: Skin              |    18 |    53 |     5 ||    76
  Dodge: Dodged            |    47 |    81 |    11 ||   139
